 Dungeon Crawl Stone Soup version 0.31.0-32-g396128a36d (webtiles) character file.

Game seed: 12148865247855819433

155 spaghetti the Cutter (level 5, -1/41 HPs)
             Began as a Demonspawn Chaos Knight on Mar 21, 2024.
             Was a Plaything of Xom.
             Succumbed to a kobold brigand's poison
             ... in a sewer.
             The game lasted 00:02:58 (2041 turns).

spaghetti the Cutter (Demonspawn Chaos Knight)      Turns: 2041, Time: 00:02:58

Health: -1/41      AC: 10    Str: 12    XL:     5   Next: 14%
Magic:  4/5        EV:  6    Int: 13    God:    Xom [.*....]
Gold:   112        SH:  4    Dex: 14    Spells: 4/4 levels left

rFire   + + .        m - +3 short sword (speed)
rCold   + . .        (no shield)
rNeg    . . .        l - +2 chain mail {Will+}
rPois   +            (no helmet)
rElec   +            (no cloak)
rCorr   +            (no gloves)
SInv    .            (no boots)
Will    +....        d - amulet of guardian spirit Stlth
                     h - ring of protection from fire
HPRegen 0.26/turn    (no ring)
MPRegen 0.09/turn

%: guardian spirit
@: lethally poisoned (-1 -> -11), resistant, very slow
A: powered by death 1, condensation shield
a: Renounce Religion


You were in a sewer.
You worshipped Xom.
You were a plaything of Xom.
You visited 1 branch of the dungeon, and saw 3 of its levels.
You also visited: Sewer.

You collected 112 gold pieces.

Inventory:

Hand Weapons
 a - a +0 falchion of chaos
 m - a +3 short sword of speed (weapon)
Armour
 b - a +3 leather armour
 i - a +0 ring mail
 l - a +2 chain mail of willpower (worn)
Jewellery
 d - an amulet of guardian spirit (around neck)
 f - an amulet of faith
 h - a ring of protection from fire (left hand)
 n - an amulet of the acrobat
Scrolls
 j - a scroll of enchant armour
 k - a scroll of immolation
Potions
 e - a potion of attraction
 g - a potion of resistance


   Skills:
 - Level 3.3 Fighting
 + Level 3.8(4.2) Short Blades
 - Level 2.6(3.6) Long Blades
 - Level 2.1 Armour
 - Level 1.4 Dodging


You had 4 spell levels left.
You didn't know any spells.
Your spell library was empty.

Dungeon Overview and Level Annotations

Branches:
Dungeon (3/15)              Sewer (1/1)

Altars:


Innate Abilities, Weirdness & Mutations

You regenerate a little health from kills.
A meltable shield of frost defends you. (SH +4)


Message History

You barely miss the kobold brigand.
You feel sick.
The kobold brigand splashes around in the water.
You hit the kobold brigand but do no damage.
You feel sick.
You closely miss the kobold brigand.
You feel sick.
The kobold brigand splashes around in the water.
You hit the kobold brigand.
The kobold brigand is lightly wounded.
You feel sick.
You hit the kobold brigand.
The kobold brigand is moderately wounded.
You feel sick.
The kobold brigand completely misses you.
It was a potion of resistance.
You feel protected.
Xom thinks this is hilarious!
You feel sick.
The kobold brigand hits you with a +1 whip of venom.
* * * LOW HITPOINT WARNING * * *
You are lethally poisoned!
As you read the scroll of butterflies, it crumbles to dust.
You hear the flapping of tiny wings.
The kobold brigand is knocked back by the sudden gust.
* * * LOW HITPOINT WARNING * * *
You feel very sick.
You swap places.
* * * LOW HITPOINT WARNING * * *
You feel very sick.
The kobold brigand hits your butterfly with a +1 whip of venom!
Your butterfly dies!
Your butterfly disappears in a burst of colours!
The kobold brigand barely misses your butterfly.
You are lethally poisoned (2 -> -8).
You are resistant to the elements.
Your wading speed is very slow.
Your attack delay is about 0.5.
Your damage rating with your +3 short sword of speed is about 9 (Base 5 x 110% (Dex) x 114% (Skill) + 3 (Ench)).
Okay, then.
Okay, then.
You swap places.
You die...
Xom snickers!

####### ## ##
#.#.#.# #b b#
#~#~#~# #~ ~#~ b#
#~#~#~# #~ ~#b b#
#†#~#~# ~#~#b#K#
~~#~†~# ~~~#bb~#
†###~## #~###b##
~# #~# #~# #@#
~###~# #~###~#
.~~~~# #~..~b#
#~~~## ##~~~##
#~~.# #.~b# #.~~#
#.~~# #~~~##
##~~~# #.~..##
##~~~~#
#.~...#####~.~~.#


You could see a kobold brigand (ally target).

Vanquished Creatures
  Natasha (D:2)
  Robin (D:3)
  2 adders
  2 river rats (D:3)
  3 dart slugs
  5 ribbon worms
  2 bats (D:2)
  2 endoplasms
  4 giant cockroaches
  14 goblins
  8 hobgoblins
  A quokka (D:2)
  6 ball pythons
  7 kobolds
  7 rats
65 creatures vanquished.

Notes
Turn   | Place    | Note
-------+----------+-------------------------------------------
     0 | D:1      | spaghetti the Demonspawn Chaos Knight began the quest for
                  | the Orb.
     0 | D:1      | Reached XP level 1. HP: 18/18 MP: 1/1
    24 | D:1      | Reached skill level 1 in Dodging
   222 | D:1      | XOM: silly message
   294 | D:1      | Gained mutation: A meltable shield of frost defends you.
                  | (SH +4) [demonic ancestry]
   294 | D:1      | Reached XP level 2. HP: 22/24 MP: 2/2
   582 | D:2      | XOM: silly message
   606 | D:2      | XOM: 6-stop teleportation journey
   740 | D:2      | Reached skill level 1 in Short Blades
   744 | D:2      | Reached XP level 3. HP: 26/29 MP: 1/3
   925 | D:2      | XOM: noise
  1033 | D:2      | Noticed Natasha
  1038 | D:2      | XOM: divination: detect items
  1041 | D:2      | Killed Natasha
  1109 | D:2      | Found a faded altar of an unknown god.
  1125 | D:2      | XOM is BORED!
  1125 | D:2      | XOM: stat loss: -2 Dex (12/14)
  1442 | D:3      | Reached XP level 4. HP: 35/35 MP: 2/4
  1447 | D:3      | Noticed Robin
  1456 | D:3      | Killed Robin
  1818 | D:3      | XOM: 3-stop teleportation journey
  1865 | D:3      | Found a glowing drain.
  1921 | D:3      | Gained mutation: You regenerate a little health from kills.
                  | [demonic ancestry]
  1921 | D:3      | Reached XP level 5. HP: 39/41 MP: 5/5
  1926 | Sewer    | Entered a sewer
  2040 | Sewer    | HP: 2/41 [poisoned by a kobold brigand]
  2041 | Sewer    | Succumbed to a kobold brigand's poison

Illustrated notes

Levels and vault maps discovered:
D:1:      roderic_dead_forest, layout_rooms, minmay_misc_feat_alley
D:2:      layout_loops_corners, shapermc_ecumenical_altar_mp_vishouse,
          uniq_natasha
D:3:      layout_basic, portal_sewer_entry_b, uniq_robin
Sewer:    sewer_co_tree

Skill      XL: |  1  2  3  4 |
---------------+-------------+-----
Dodging        | 1 |  1.4
Armour         | 2 |  2.1
Short Blades   | 1 2 3 |  3.8
Fighting       | |  3.3
Long Blades    | |  2.6

Action                     |  1- 3 |  4- 6 || total
---------------------------+-------+-------++-------
  Melee: Falchion          |    50 |       ||    50
         Short sword       |    65 |   178 ||   243
         Punch             |     2 |     1 ||     3
    Use: Scroll            |     4 |     3 ||     7
         Potion            |     1 |     4 ||     5
 Armour: Leather armour    |    43 |       ||    43
         Chain mail        |    11 |    79 ||    90
  Dodge: Dodged            |    53 |    34 ||    87
  Block: Other             |     8 |    21 ||    29
